 Dungeon Crawl Stone Soup version 0.21-a0-273-g0785366 (webtiles) character file.

4398 nikopol the Thaumaturge (level 10, -8/51 HPs)
             Began as a Deep Elf Fire Elementalist on Sept 17, 2017.
             Was a Believer of Vehumet.
             Killed from afar by Maurice (22 damage)
             ... with a wand of acid (?/15)
             ... on level 8 of the Dungeon.
             The game lasted 00:39:09 (8110 turns).

nikopol the Thaumaturge (DEFE)                      Turns: 8110, Time: 00:39:09

Health: -8/51      AC:  4    Str:  5    XL:     10   Next: 13%
Magic:  21/27      EV: 13    Int: 24    God:    Vehumet [**....]
Gold:   264        SH:  0    Dex: 15    Spells: 18/32 levels left

rFire    . . .     SeeInvis .   M - staff of cold (curse)
rCold    + . .     Gourm    .   (no shield)
rNeg     . . .     Faith    .   a - +0 robe
rPois    .         Spirit   .   I - +2 helmet
rElec    .         Reflect  .   (no cloak)
rCorr    .         Harm     .   (no gloves)
MR       +....                  t - +2 pair of boots
Stlth    +++.......             (no amulet)
HPRegen  0.17/turn              (no ring)
MPRegen  0.20/turn              (no ring)

@: corroded
A: no striking features
a: Renounce Religion


You were on level 8 of the Dungeon.
You worshipped Vehumet.
Vehumet was pleased with you.
You were not hungry.

You visited 2 branches of the dungeon, and saw 9 of its levels.

You collected 264 gold pieces.

Inventory:

Hand Weapons
 u - a +0 dagger
 C - a +5 long sword
 D - a +3 long sword
Armour
 a - a +0 robe (worn)
 t - a +2 pair of boots (worn)
 I - a +2 helmet (worn)
Magical Staves
 M - a cursed staff of cold (weapon)
Wands
 f - a wand of flame (29/48)
 r - a wand of flame (28/48)
 x - a wand of polymorph (19/24)
 y - a wand of disintegration (11/24)
 L - a wand of flame (24/48)
Scrolls
 e - a scroll of enchant weapon {unknown}
 g - a scroll of random uselessness {unknown}
 h - 2 scrolls of immolation
 j - 2 scrolls of teleportation
 k - a scroll of blinking {unknown}
 l - 2 scrolls of remove curse
 A - a scroll of recharging {unknown}
 B - a scroll of noise {unknown}
Potions
 i - 2 potions of heal wounds
 n - a potion of invisibility
 o - 2 potions of ambrosia
 p - a potion of haste
 q - a potion of magic
 v - 6 potions of curing
 z - a potion of mutation {unknown}
 E - a potion of brilliance {unknown}
 F - a potion of degeneration {unknown}
 G - a potion of lignification {unknown}
 H - a potion of might {unknown}
 J - a potion of cancellation {unknown}
Books
 b - a book of Flames

   Spells                             Type                      Level
   a - Flame Tongue                   Conjuration/Fire             1
   b - Throw Flame                    Conjuration/Fire             2
   c - Conjure Flame                  Conjuration/Fire             3
   d - Inner Flame                    Hexes/Fire                   3
   e - Sticky Flame                   Conjuration/Fire             4
   f - Fireball                       Conjuration/Fire             5
 w - a book of Minor Magic

   Spells                             Type                      Level
   a - Magic Dart                     Conjuration                  1
   b - Blink                          Translocation                2
   c - Call Imp                       Summoning                    2
   d - Slow                           Hexes                        2
   e - Conjure Flame                  Conjuration/Fire             3
   f - Mephitic Cloud                 Conjuration/Poison/Air       3
Comestibles
 c - 5 bread rations
 d - 3 royal jellies
 m - 4 meat rations
 s - 4 fruits
 K - 2 chunks of flesh


   Skills:
 + Level 0.7 Fighting
 + Level 1.5 Long Blades
 + Level 3.3 Dodging
 + Level 4.3 Stealth
 + Level 11.6 Spellcasting
 + Level 8.2 Conjurations
 + Level 9.5 Fire Magic


You had 18 spell levels left.
You knew the following spells:

 Your Spells              Type           Power        Failure   Level  Hunger
a - Flame Tongue          Conj/Fire      #####        1%          1    None
b - Throw Flame           Conj/Fire      ######       1%          2    None
c - Conjure Flame         Conj/Fire      ######..     1%          3    None
d - Fireball              Conj/Fire      ######....   3%          5    ###....
e - Magic Dart            Conj           ####         1%          1    None
f - Blink                 Tloc           N/A          7%          2    None


Dungeon Overview and Level Annotations

Branches:
Dungeon (8/15)             Temple (1/1) D:4
   Lair: D:8-11

Altars:
Ashenzari
Cheibriados
Dithmenos
Elyvilon
Fedhas
Gozag
Hepliaklqana
Kikubaaqudgha
Makhleb
Nemelex Xobeh
Okawaru
Qazlal
Ru
Sif Muna
Trog
Uskayaw
Vehumet
Wu Jian
Zin
The Shining One

Annotations:
D:8 Maurice


Message History

Casting: Flame Tongue
Confirm with . or Enter, or press ? or * to list all spells.
Aiming: Flame Tongue
Press: ? - help, Shift-Dir - straight line The flame tongue hits something.
Casting: Flame Tongue
Confirm with . or Enter, or press ? or * to list all spells.
Aiming: Flame Tongue
Press: ? - help, Shift-Dir - straight line The flame tongue hits something.
You hear a zap.
A bolt of acid appears from out of thin air!
The bolt of acid hits you! The acid corrodes you!
You are splashed with acid!
The acid burns!
* * * LOW HITPOINT WARNING * * *
You see here a scarf of spirit shield.
You hear a zap.
A bolt of acid appears from out of thin air!
The bolt of acid hits you!
You die...

....#.#.########.#####.....
........# #.# ### ...##.###
#.# ##.##.# #.# #.##.# #.#
##.##.# #[# ...##.# #.#
#.....# #.# #.##### #@# #.#
#######.#####. #.#
#.............. ..#
#.###########.. #.# #.#
#.########)######
............)..<#
#.##.#####.####.#
#......##...# #.#######


There were no monsters in sight!

Vanquished Creatures
  A two-headed ogre (D:8)
  The ghost of Mandevil the Quickloader, a novice HuHu (D:8)
  A troll (D:8)
  Grum (D:8)
  Duvessa (D:7)
  A sky beast (D:7)
  A necrophage (D:7)
  A black bear (D:6)
  An orc warrior (D:8)
  2 ice beasts (D:8)
  An eye of draining (D:8)
  3 wolves (D:8)
  4 ogres
  A centaur (D:8)
  2 bullfrogs
  2 scorpions (D:5)
  Dowan (D:7)
  2 howler monkeys
  10 wights (D:6)
  2 crimson imps
  2 centaur zombies
  A bullfrog zombie (D:6)
  A jelly (D:3)
  A hound (D:5)
  An orc priest (D:4)
  Jessica (D:2)
  A bullfrog skeleton (D:6)
  Terence (D:2)
  3 iguanas
  2 worker ants (D:4)
  A hound skeleton (D:6)
  A worker ant zombie (D:8)
  10 gnolls
  8 adders
  A shadow imp (D:6)
  An adder skeleton (D:6)
  2 worms (D:2)
  2 dart slugs
  3 leopard geckos
  15 orcs
  6 giant cockroaches
  5 goblins
  6 hobgoblins
  6 jackals
  7 kobolds
  3 quokkas
  2 ball pythons
  A ball python zombie (D:5)
  4 bats (D:3)
  5 frilled lizards
  4 rats
146 creatures vanquished.

Notes
Turn   | Place    | Note
-------+----------+-------------------------------------------
     0 | D:1      | nikopol the Deep Elf Fire Elementalist began the quest for the Orb.
     0 | D:1      | Reached XP level 1. HP: 10/10 MP: 6/6
   179 | D:1      | Reached XP level 2. HP: 15/15 MP: 2/8
   221 | D:1      | Learned a level 2 spell: Throw Flame
   440 | D:2      | Noticed Jessica
   554 | D:2      | Killed Jessica
   554 | D:2      | Reached XP level 3. HP: 19/19 MP: 3/9
   758 | D:2      | Reached XP level 4. HP: 22/24 MP: 2/11
   836 | D:2      | Learned a level 3 spell: Conjure Flame
   881 | D:2      | Noticed Terence
  1105 | D:2      | Found a glowing golden altar of the Shining One.
  1107 | D:2      | Found an opulent altar of Gozag.
  1109 | D:2      | Found a sparkling altar of Nemelex Xobeh.
  1109 | D:2      | Found an ornate altar of the Wu Jian Council.
  1340 | D:2      | Killed Terence
  1595 | D:3      | Reached skill level 4 in Spellcasting
  1694 | D:3      | Noticed a bullfrog
  1701 | D:3      | Killed a bullfrog
  1701 | D:3      | Reached XP level 5. HP: 16/28 MP: 6/13
  1708 | D:3      | Learned a level 5 spell: Fireball
  1922 | D:3      | Reached skill level 5 in Fire Magic
  2332 | D:3      | Reached XP level 6. HP: 31/32 MP: 12/15
  2822 | D:4      | Found a staircase to the Ecumenical Temple.
  2842 | Temple   | Entered the Ecumenical Temple
  2885 | Temple   | Became a worshipper of Vehumet
  3159 | D:4      | Reached skill level 5 in Spellcasting
  3529 | D:5      | Entered Level 5 of the Dungeon
  3601 | D:5      | Reached XP level 7. HP: 25/36 MP: 10/17
  3790 | D:5      | Reached skill level 6 in Spellcasting
  4731 | D:6      | Reached skill level 7 in Spellcasting
  4731 | D:6      | Reached skill level 5 in Conjurations
  4796 | D:6      | Reached * piety under Vehumet
  4796 | D:6      | Offered knowledge of Sandblast by Vehumet.
  4907 | D:6      | Reached XP level 8. HP: 41/41 MP: 11/20
  5312 | D:6      | Reached skill level 8 in Spellcasting
  5569 | D:6      | Learned a level 1 spell: Magic Dart
  5575 | D:6      | Learned a level 2 spell: Blink
  5847 | D:6      | Found a sacrificial altar of Ru.
  5847 | D:6      | Found a stormy altar of Qazlal.
  6212 | D:7      | Reached skill level 9 in Spellcasting
  6380 | D:7      | Found an opulent altar of Gozag.
  6525 | D:7      | Noticed Dowan
  6531 | D:7      | Killed Dowan
  6532 | D:7      | Noticed Duvessa
  6536 | D:7      | Killed Duvessa
  6536 | D:7      | Reached XP level 9. HP: 44/46 MP: 9/24
  6629 | D:7      | Reached skill level 1 in Long Blades
  6701 | D:8      | Noticed a two-headed ogre
  6786 | D:8      | Noticed Grum
  6882 | D:8      | Noticed a troll
  6918 | D:8      | Killed a troll
  6918 | D:8      | Reached ** piety under Vehumet
  6918 | D:8      | Offered knowledge of Throw Frost by Vehumet.
  7005 | D:8      | Found a shattered altar of Ashenzari.
  7338 | D:8      | Killed Grum
  7340 | D:8      | Reached skill level 10 in Spellcasting
  7490 | D:8      | Noticed Mandevil's ghost (novice HuHu)
  7516 | D:8      | Killed Mandevil's ghost
  7675 | D:8      | Found a deep blue altar of Sif Muna.
  7675 | D:8      | Found a burning altar of Makhleb.
  7693 | D:8      | Killed a two-headed ogre
  7693 | D:8      | Reached skill level 11 in Spellcasting
  7693 | D:8      | Reached XP level 10. HP: 44/51 MP: 16/27
  7902 | D:8      | Found an iron altar of Okawaru.
  8089 | D:8      | Noticed Maurice
  8110 | D:8      | Killed from afar by Maurice

Vault maps used:
D:1:      dpeg_arrival_lava_temple_mockup
D:2:      grunt_temple_overflow_open, hangedman_glass_teeth,
          minmay_misc_feat_nine_boxes, uniq_jessica, uniq_terence
D:3:      st_stairs_14
D:4:      temple_statues, first_bread
D:5:      serial_curves, eino_curves_04, eino_curves_04, minmay_misc_feat_cross
D:6:      gammafunk_temple_overflow_statue, grunt_decor_clamped,
          kennysheep_crisscross
D:7:      basic_altar, grunt_ogre_cave, uniq_duvessa
D:8:      nicolae_overflow_hidden_temple, lemuel_crystal_altar, minivault_27,
          lightli_corner_chamber, uniq_grum, uniq_maurice
Temple:   compressed_dpeg_circular_temple

Skill      XL: |  1  2  3  4  5  6  7  8  9 |
---------------+----------------------------+-----
Fire Magic     | 4 5 6 8 9 |  9.5
Stealth        | 3 4 |  4.3
Conjurations   | 2 3 4 5 6 8 |  8.2
Spellcasting   | 4 5 7 9 11 | 11.6
Dodging        | 3 |  3.3
Long Blades    | 1 |  1.5
Fighting       | |  0.7

Action                   |  1- 3 |  4- 6 |  7- 9 | 10-12 || total
-------------------------+-------+-------+-------+-------++-------
Melee: Dagger            |       |     3 |     6 |       ||     9
 Cast: Flame Tongue      |    36 |   117 |   227 |    15 ||   395
       Throw Flame       |     6 |    18 |    26 |     2 ||    52
       Conjure Flame     |       |     3 |    18 |     1 ||    22
       Magic Dart        |       |       |     7 |       ||     7
       Fireball          |       |       |     2 |     3 ||     5
  Use: Scroll            |       |       |     8 |     3 ||    11
  Eat: Chunk             |       |     8 |    13 |     2 ||    23
Armor: Robe              |     1 |     6 |     4 |     1 ||    12
Dodge: Dodged            |     4 |    20 |    29 |     5 ||    58
       Rpst.: Long sword |       |       |     8 |       ||     8

Table legend:
 A = Spawn XP
 B = Non-spawn XP
 C = Spawn XP percentage of total XP
 D = Spawn monster count
 E = Non-spawn monster count
 F = Spawn count percentage of total count
 G = Total turns spent on level
                    A         B        C        D         E        F      G
               +---------+---------+-------+---------+---------+-------+---------
         Total |       0 |    6284 |   0.0 |       0 |     146 |   0.0 |  8110
               +---------+---------+-------+---------+---------+-------+---------
           D:1 |       0 |      21 |   0.0 |       0 |      13 |   0.0 |   611
           D:2 |       0 |     136 |   0.0 |       0 |      20 |   0.0 |   964
           D:3 |       0 |     224 |   0.0 |       0 |      22 |   0.0 |  1035
           D:4 |       0 |     293 |   0.0 |       0 |      25 |   0.0 |   768
           D:5 |       0 |     533 |   0.0 |       0 |       8 |   0.0 |  1300
           D:6 |       0 |    1155 |   0.0 |       0 |      31 |   0.0 |  1176
           D:7 |       0 |     627 |   0.0 |       0 |       7 |   0.0 |   785
           D:8 |       0 |    3295 |   0.0 |       0 |      20 |   0.0 |  1317
               +---------+---------+-------+---------+---------+-------+---------
